 Dungeon Crawl Stone Soup version 0.31-a0-202-g547052bce9 (webtiles) character file.

Game seed: 12217723061298468155

709 qw the Skirmisher (level 7, -1/40 HPs)
             Began as a Deep Elf Hunter on June 26, 2023.
             Slain by a lemure (4 damage)
             ... led by Pikel
             ... on level 4 of the Dungeon.
             The game lasted 00:01:45 (4042 turns).

qw the Skirmisher (Deep Elf Hunter)                 Turns: 4042, Time: 00:01:46

Health: -1/40      AC:  7    Str: 10    XL:     7   Next: 40%
Magic:  9/9        EV: 11    Int: 14    God:
Gold:   229        SH:  0    Dex: 18    Spells: 6/6 levels left

rFire   . . .        Y - +0 shortbow
rCold   . . .        (shield currently unavailable)
rNeg    . . .        c - +0 ring mail
rPois   .            k - +0 helmet
rElec   .            (no cloak)
rCorr   +            (no gloves)
SInv    .            f - +0 pair of boots
Will    .....        (no amulet)
Stlth   +            m - ring of resist corrosion
HPRegen 0.26/turn    (no ring)
MPRegen 0.11/turn

%: no passive effects
@: weak-willed
A: no striking features
a: no special abilities


You were on level 4 of the Dungeon.
You visited 1 branch of the dungeon, and saw 5 of its levels.

You collected 229 gold pieces.


   Skills:
 - Level 2.5 Fighting
 + Level 10.7 Ranged Weapons
 - Level 1.8 Armour
 - Level 3.1 Dodging
 - Level 1.2 Stealth


You had 6 spell levels left.
You didn't know any spells.
Your spell library was empty.

Inventory:

Hand Weapons
 Y - a +0 shortbow (weapon)
Armour
 c - a +0 ring mail (worn)
 f - a +0 pair of boots (worn)
 k - a +0 helmet (worn)
Jewellery
 m - a ring of resist corrosion (left hand)
Wands
 b - a wand of digging (5)
Scrolls
 a - a scroll of identify
Potions
 d - a potion of might
 e - a potion of haste
 i - a potion of curing
 j - a potion of brilliance {unknown}
 l - a potion of attraction {unknown}

Dungeon Overview and Level Annotations

Branches:
Dungeon (5/15)             Temple (0/1) D:5

Altars:
Cheibriados
Kikubaaqudgha
Nemelex Xobeh
Qazlal
Ru
Vehumet

Annotations:
D:3 2 transporters
D:4 Pikel


Message History

What level of the Dungeon? (default 1, ? - help)
You climb downwards.
You hear the hiss of flowing sand.
There is an entrance to an ossuary on this level.
Hurry and find it before the portal is buried!
Level annotation: Pikel You hear the rapid hiss of an avalanche of sand very nearby.
Pikel misses you. The lemure hits you but does no damage.
There is a stone staircase leading up, spattered with blood here.
You shoot an arrow. The arrow closely misses Pikel.
Pikel hits you with a +0 whip of electrocution.
The lemure hits you but does no damage.
A lemure comes into view.
The lemure hits you but does no damage. Pikel barely misses you.
4035 ||| STAIRDANCE Pikel hits you with a +0 whip of electrocution.
The lemure hits you but does no damage.
You climb upwards.
There is a stone staircase leading down here.
You see here a potion of degeneration.
You shoot an arrow. The arrow misses Pikel.
The lemure hits you but does no damage.
Pikel hits you with a +0 whip of electrocution!
You shoot an arrow. The arrow hits Pikel.
Pikel is lightly wounded.
The lemure closely misses you. Pikel hits you but does no damage.
You shoot an arrow.
The arrow hits Pikel but does no damage.
Pikel is lightly wounded.
You shoot an arrow.
The arrow hits Pikel but does no damage.
Pikel is lightly wounded.
The lemure hits you.
Pikel hits you with a +0 whip of electrocution.
You are electrocuted!
The lemure hits you but does no damage.
Pikel hits you with a +0 whip of electrocution.
You shoot an arrow. The arrow misses Pikel.
The lemure hits you. Pikel closely misses you.
You shoot an arrow. The arrow closely misses Pikel.
The lemure hits you.
You die...

..#.##.#####..############.######
...............(...........##....
.##.##.##...........#########.###
.##.##.##....)......# #.#
...................)# #.#
....................# #.#
.##.##.##..........## #.#
.##.##.##.......K..# #.#
.##)............@).# ########.#
.##...###.......5..# #........#
.##...# #.##.#.###.# #.########
###...###.##.#.# #.# #.#
....:.....##.#.###.###.# ########
##.....................# #.......
.............#####.##### #.######
.###.####.##.# #.# #.#
####.####.##>#####.##### #.#


You could see Pikel and a lemure.

Vanquished Creatures
  An ice beast (D:5)
  2 ogres
  A kobold brigand (D:4)
  A scorpion (D:4)
  2 hounds (D:4)
  An iguana (D:4)
  An orc wizard (D:3)
  4 adders
  4 gnolls
  5 worms
  6 dart slugs
  7 orcs
  6 ball pythons
  6 endoplasms
  3 giant cockroaches
  14 goblins
  8 hobgoblins
  9 jackals
  3 quokkas
  A ball python zombie (D:3)
  8 bats
  4 frilled lizards
  6 kobolds
  6 rats
109 creatures vanquished.

Notes
Turn   | Place    | Note
-------+----------+-------------------------------------------
     0 | D:1      | qw the Deep Elf Hunter began the quest for the Orb.
     0 | D:1      | Reached XP level 1. HP: 12/12 MP: 3/3
     0 | D:1      | 0 ||| qw: Version: 0.3-a-22-g0ed2b0b
     0 | D:1      | 0 ||| qw: Game counter: 6053
     0 | D:1      | 0 ||| qw: Melee chars always use a shield: true
     0 | D:1      | 0 ||| qw: God list: Okawaru
     0 | D:1      | 0 ||| qw: Allow faded altars: false
     0 | D:1      | 0 ||| qw: Do Orc after clearing Dungeon:15 true
     0 | D:1      | 0 ||| qw: Do second Lair branch before Depths: true
     0 | D:1      | 0 ||| qw: Lair rune preference: random
     0 | D:1      | 0 ||| qw: Goals: Normal
     0 | D:1      | 0 ||| PLANNING D:1-11
   193 | D:1      | Reached XP level 2. HP: 16/16 MP: 4/4
   195 | D:1      | Reached skill level 6 in Ranged Weapons
   391 | D:1      | Reached XP level 3. HP: 20/20 MP: 5/5
   500 | D:1      | 500 ||| READING 3 scrolls labelled FOUMOP QAUDD.
   501 | D:1      | 501 ||| READING scroll labelled TIDUFEE VOMOZXU.
   502 | D:1      | 502 ||| READING scroll labelled DIJATSOOFOX.
   503 | D:1      | 503 ||| READING 2 scrolls of identify.
   503 | D:1      | 503 ||| IDENTIFYING sedimented amethyst potion
   504 | D:1      | 504 ||| DROPPING scroll of butterflies.
   614 | D:2      | Reached skill level 7 in Ranged Weapons
   631 | D:2      | 631 ||| FLEEEEING.
   701 | D:2      | Found a faded altar of an unknown god.
  1297 | D:2      | 1297 ||| UPGRADING to +0 scale mail.
  1307 | D:2      | 1307 ||| DROPPING +0 leather armour.
  1308 | D:2      | 1308 ||| UPGRADING to +0 helmet.
  1313 | D:2      | 1313 ||| READING scroll labelled EHOSSAEVORR.
  1366 | D:3      | Reached XP level 4. HP: 25/25 MP: 6/6
  1373 | D:3      | HP: 6/25 [frilled lizard (3)]
  1539 | D:3      | Found an ancient bone altar of Kikubaaqudgha.
  1547 | D:3      | Noticed a scorpion
  1547 | D:3      | Noticed an ogre
  1548 | D:3      | Found a radiant altar of Vehumet.
  1548 | D:3      | Noticed a kobold brigand
  1553 | D:3      | Found a transporter.
  1561 | D:3      | Found a transporter.
  1675 | D:3      | 1675 ||| FLEEEEING.
  1695 | D:3      | Reached skill level 8 in Ranged Weapons
  1897 | D:3      | Found a stormy altar of Qazlal.
  1916 | D:3      | 1916 ||| FLEEEEING.
  2108 | D:3      | Reached XP level 5. HP: 29/29 MP: 7/7
  2140 | D:3      | HP: 6/29 [goblin/+0 dagger (2)]
  2275 | D:3      | Found a sacrificial altar of Ru.
  2374 | D:3      | Found a snail-covered altar of Cheibriados.
  2421 | D:3      | 2421 ||| UPGRADING to +0 ring mail.
  2431 | D:3      | 2431 ||| DROPPING +0 scale mail.
  2432 | D:3      | 2432 ||| READING scroll labelled SIANNI RUKYED.
  2454 | D:4      | Noticed an ogre
  2460 | D:4      | Killed an ogre
  2461 | D:4      | Reached skill level 9 in Ranged Weapons
  2509 | D:4      | 2509 ||| FLEEEEING.
  2517 | D:4      | 2517 ||| STAIRDANCE
  2594 | D:4      | Reached XP level 6. HP: 18/36 MP: 8/8
  2728 | D:4      | Reached skill level 10 in Ranged Weapons
  3062 | D:4      | Reached skill level 3 in Dodging
  3344 | D:4      | 3344 ||| UPGRADING to +0 pair of boots.
  3349 | D:4      | 3349 ||| UPGRADING to ring of resist corrosion.
  3350 | D:4      | 3350 ||| READING scroll labelled FUS FU IHIMNAE.
  3351 | D:4      | 3351 ||| READING 2 scrolls of identify.
  3351 | D:4      | 3351 ||| IDENTIFYING fizzy clear potion
  3374 | D:5      | Entered Level 5 of the Dungeon
  3375 | D:5      | 3375 ||| PLANNING OSSUARY
  3392 | D:5      | Found a staircase to the Ecumenical Temple.
  3435 | D:5      | Noticed a yak
  3435 | D:5      | Noticed a yak
  3436 | D:5      | Noticed a yak
  3436 | D:5      | Noticed a yak
  3443 | D:5      | HP: 9/36 [yak (6)]
  3444 | D:5      | 3444 ||| READING scroll of teleportation.
  3615 | D:5      | Noticed an ice beast
  3627 | D:5      | Killed an ice beast
  3628 | D:5      | Reached skill level 1 in Armour
  3628 | D:5      | Reached XP level 7. HP: 13/40 MP: 9/9
  3669 | D:5      | 3669 ||| FLEEEEING.
  3670 | D:5      | 3670 ||| FLEEEEING.
  3671 | D:5      | 3671 ||| FLEEEEING.
  3672 | D:5      | 3672 ||| STAIRDANCE
  3731 | D:4      | 3731 ||| DRINKING 2 metallic ruby potions.
  3736 | D:5      | 3736 ||| STAIRDANCE
  3745 | D:4      | HP: 10/40 [gnoll/+0 flail (3)]
  3893 | D:5      | Found a sparkling altar of Nemelex Xobeh.
  3985 | D:5      | Noticed Pikel
  3986 | D:5      | 3986 ||| FLEEEEING.
  3987 | D:5      | 3987 ||| STAIRDANCE
  4028 | D:4      | 4028 ||| READING scroll labelled KIURUA YLOODIL.
  4029 | D:4      | 4029 ||| READING scroll labelled ACETHER CANAR.
  4030 | D:4      | 4030 ||| READING 2 scrolls of identify.
  4030 | D:4      | 4030 ||| IDENTIFYING murky sapphire potion
  4031 | D:4      | 4031 ||| DROPPING potion of degeneration.
  4035 | D:5      | 4035 ||| STAIRDANCE
  4040 | D:4      | HP: 10/40 [Pikel/+0 whip of electrocution (8)]
  4040 | D:4      | HP: 4/40 [Pikel/+0 whip of electrocution (6)]
  4042 | D:4      | Slain by a lemure

Levels and vault maps discovered:
D:1:      dpeg_arrival_simpleton_b, layout_rooms, minmay_unequal
D:2:      layout_basic, hellmonk_ecumenical_altar_run_dry,
          chequers_serial_rivers_large_a, moated_statue, minmay_pentomino_u4
D:3:      kennysheep_the_goblin_king, layout_loops_cross,
          mainiacjoe_overflow_six_doors_small, gammafunk_temple_overflow_arena,
          nicolae_qazlal_general_emergency, kennysheep_slug_shrine,
          nicolae_overflow_crystal_walls, serial_undead, serial_undead_e,
          serial_undead_e, serial_undead_e, serial_undead_b,
          roderic_roman_lattice, st_stairs_5, kennysheep_minor_cross
D:4:      layout_loops_ring
D:5:      layout_basic, mainiacjoe_overflow_paths,
          grunt_temple_overflow_diamond, minmay_temple_entry_large_hall,
          nicolae_ossuary_entry_monument, uniq_pikel

Skill      XL: |  1  2  3  4  5  6 |
---------------+-------------------+-----
Ranged Weapons | 6 7 8 9 10 | 10.7
Fighting       | 2 |  2.5
Dodging        | 3 |  3.1
Armour         | 1 |  1.8
Stealth        | |  1.2

Action                     |  1- 3 |  4- 6 |  7- 9 || total
---------------------------+-------+-------+-------++-------
   Fire: Shortbow          |   146 |   236 |    41 ||   423
    Use: Scroll            |     5 |     4 |     3 ||    12
         Potion            |       |       |     1 ||     1
 Armour: Leather armour    |    11 |       |       ||    11
         Scale mail        |       |    42 |       ||    42
         Ring mail         |       |    24 |    12 ||    36
  Dodge: Dodged            |    24 |    61 |    16 ||   101

Table legend:
 A = Non-vault XP
 B = Vault XP
 C = Vault XP percentage of total XP
 D = Non-vault monster count
 E = Vault monster count
 F = Vault count percentage of total count
                 A         B        C        D         E       F
            +---------+---------+-------+---------+---------+-------
      Total |     971 |      42 |   4.1 |      90 |      19 |  17.4
            +---------+---------+-------+---------+---------+-------
        D:1 |      36 |       9 |  20.0 |      22 |       4 |  15.4
        D:2 |      45 |       6 |  11.8 |      20 |       3 |  13.0
        D:3 |     103 |      27 |  20.8 |      20 |      12 |  37.5
        D:4 |     471 |       0 |   0.0 |      18 |       0 |   0.0
        D:5 |     316 |       0 |   0.0 |      10 |       0 |   0.0
            +---------+---------+-------+---------+---------+-------
